 Dungeon Crawl Stone Soup version 0.28-a0-239-g68911e0c57 (webtiles) character file.

Game seed: 9115788169075321303

2352 GordonOverkill the Summoner (level 9, -1/42 HPs)
             Began as a Felid Necromancer on Aug 23, 2021.
             Shot with a sling bullet by Joseph (21 damage)
             ... on level 8 of the Dungeon.
             The game lasted 00:37:30 (20885 turns).

GordonOverkill the Summoner (Felid Necromancer)    Turns: 20885, Time: 00:37:31

Health: -1/42      AC:  2    Str:  4    XL:     9   Next: 20%
Magic:  27/28      EV: 17    Int: 20    God:
Gold:   427        SH:  0    Dex: 16    Spells: 15/21 levels left
                                        Lives:  0   Deaths: 2

rFire   . . .      SeeInvis +   (weapon unavailable)
rCold   . . .      Faith    .   (shield unavailable)
rNeg    . . .      Spirit   .   (armour unavailable)
rPois   .          Reflect  .   (helmet unavailable)
rElec   .          Harm     .   (cloak unavailable)
rCorr   .          Rampage  .   (gloves unavailable)
Will    ++...                   (boots unavailable)
Stlth   ++........              (no amulet)
HPRegen 0.14/turn               d - ring of willpower
MPRegen 0.21/turn               g - ring of magical power

@: about to teleport, quick
A: very small, claws 1, fangs 3, see invisible, speed 1, shaggy fur 2, stealthy
paws, no weapons or thrown items, no armour, multi-lived
a: no special abilities


You were on level 8 of the Dungeon.
You visited 2 branches of the dungeon, and saw 9 of its levels.
You also visited: Bailey.

You collected 497 gold pieces.
You spent 70 gold pieces at shops.

Inventory:

Jewellery
 d - a ring of willpower (left paw)
 g - a ring of magical power (right paw)
Wands
 e - a wand of flame (5)
 j - a wand of digging (8)
Scrolls
 b - a scroll of summoning
 h - 3 scrolls of amnesia
 k - a scroll of immolation {unknown}
 l - a scroll of teleportation
Potions
 c - 2 potions of curing
 f - 3 potions of brilliance
 i - a potion of might {unknown}


   Skills:
 + Level 6.6 Fighting
 - Level 2.6 Dodging
 - Level 2.6 Stealth
 + Level 6.6 Spellcasting
 - Level 3.0 Conjurations
 * Level 9.3 Summonings
 - Level 4.0 Necromancy
 - Level 3.0 Air Magic
 - Level 3.0 Evocations


You had 15 spell levels left.
You knew the following spells:

 Your Spells              Type           Power      Damage    Failure   Level
a - Pain                  Necr           88%        1d8       1%          1
b - Vampiric Draining     Necr           11%        2d7       6%          3
c - Static Discharge      Conj/Air       18%        N/A       4%          2

Your spell library contained the following spells:

 Spells                   Type           Power      Damage    Failure   Level
 Animate Skeleton         Necr           44%        N/A       1%          1
 Summon Small Mammal      Summ           100%       N/A       1%          1
 Sublimation of Blood     Necr           11%        N/A       3%          2
 Apportation              Tloc           12%        N/A       10%         1
 Corona                   Hex            6%         N/A       10%         1
 Ensorcelled Hibernation  Hex/Ice        12%        N/A       16%         2
 Wereblood                Tmut           6%         N/A       16%         2
 Animate Dead             Necr           11%        N/A       19%         4
 Tukima's Dance           Hex            6%         N/A       30%         3
 Agony                    Necr           22%        N/A       47%         5
 Lightning Bolt           Conj/Air       9%         1d21      63%         5
 Passage of Golubria      Tloc           N/A        N/A       69%         4
 Summon Hydra             Summ           21%        N/A       88%         7
 Yara's Violent Unravell  Hex/Tmut       3%         3d4       95%         5
 Maxwell's Capacitive Co  Air            9%         ∞         100%        8


Dungeon Overview and Level Annotations

Branches:
Dungeon (8/15)             Temple (1/1) D:5          Bailey (visited)
   Lair: D:8-11

Altars:
Cheibriados
Elyvilon
Fedhas
Gozag
Hepliaklqana
Nemelex Xobeh
Okawaru
Qazlal
Ru
Sif Muna
Trog
Uskayaw
Vehumet
Wu Jian
Xom
Yredelemnul
Zin

Shops:
D:2 =(!

Annotations:
D:3 Grinder, Sigmund
D:8 Joseph


Innate Abilities, Weirdness & Mutations

You have sharp claws.
You have razor-sharp teeth.
You have supernaturally acute eyesight. (SInv)
You cover ground quickly. (Speed+)
You are covered in thick fur. (AC +2)
Your paws help you pounce on unaware monsters.
You are incapable of wielding weapons or throwing items.
You cannot wear armour.
You gain extra lives every three experience levels.


Message History

Aim: a howler monkey (moderately wounded, catching its breath, chance to affect: 87%)
The howler monkey writhes in agony.
Joseph shouts!
Joseph unwields a +5 quarterstaff of speed.
Joseph wields a +0 hunting sling.
Joseph shoots a sling bullet.
The sling bullet barely misses you.
The howler monkey hoots and howls with incredible vigour!
Casting: Pain (safe; 1% risk of failure)
Confirm with . or Enter, or press ? or * to list all spells.
Aiming: Pain (safe; 1% risk of failure)
Press: ? - help, Shift-Dir - straight line, f/p - howler monkey
Aim: a howler monkey (moderately wounded, chance to affect: 87%)
The howler monkey writhes in agony.
Joseph shoots a sling bullet.
The sling bullet misses you.
Joseph shoots a sling bullet.
The sling bullet hits you!
Joseph shoots a sling bullet.
The sling bullet hits you!!
* * * LOW HITPOINT WARNING * * *
Okay, then.
You feel much better.
Joseph shoots a sling bullet.
The sling bullet hits you!
* * * LOW HITPOINT WARNING * * *
Joseph shoots a sling bullet.
The sling bullet hits you!
* * * LOW HITPOINT WARNING * * *
Okay, then.
You feel much better.
The howler monkey hoots and howls with incredible vigour!
Joseph shoots a sling bullet.
The sling bullet hits you!
* * * LOW HITPOINT WARNING * * *
You hear two shouts!
You open the door.
The howler monkey hoots and howls with incredible vigour!
Joseph shoots a sling bullet.
The sling bullet completely misses you. The howler monkey closely misses you.
You hear an angry hiss.
There is an open door here.
Joseph shoots a sling bullet.
The sling bullet completely misses you.
As you read the scroll of teleportation, it crumbles to dust.
You feel strangely unstable.
Joseph shoots a sling bullet.
The sling bullet hits you!!
Ouch! That really hurt!
You die...

#+#.......#
#.......#........
#.......#........
#.......#.......
#.......#.....###
####.......#.......#
#..#......h#........
#..#......h#........
#..#......h#@.......
#..+.......'.......#
#...#.@.....#.....###
.#+###.......#..........
.............#..........
.............#..........#
.............'..........#
.............#####......#.
..........................


You could see Joseph.

Vanquished Creatures
  3 orc knights (Bailey)
  Duvessa (D:3)
  9 orc warriors
  An ice beast (D:6)
  4 ogres
  2 centaurs (D:6)
  3 bullfrogs
  A scorpion (D:5)
  Dowan (D:3)
  A water moccasin zombie (D:6)
  A wyvern skeleton (D:7)
  A water moccasin skeleton (D:6)
  2 bullfrog zombies
  2 centaur zombies
  A jelly (D:6)
  2 orc priests
  2 hounds
  Natasha (thrice) (D:3)
  3 iguanas
  6 orc wizards
  Terence (D:3)
  6 adders
  A howler monkey skeleton (D:7)
  A shadow imp (D:6)
  2 white imps
  A worm (D:2)
  4 dart slugs
  36 orcs
  3 endoplasms
  2 giant cockroaches (D:2)
  14 goblins
  5 hobgoblins
  9 jackals
  2 quokkas
  6 ball pythons
  4 bats
  3 frilled lizards
  4 kobolds
  2 rats (D:1)
  A bush (D:2)
156 creatures vanquished.

Vanquished Creatures (others)
  14 plants (D:2)
14 creatures vanquished.

Grand Total: 170 creatures vanquished

Notes
Turn   | Place    | Note
-------+----------+-------------------------------------------
     0 | D:1      | GordonOverkill the Felid Necromancer began the quest for
                  | the Orb.
     0 | D:1      | Reached XP level 1. HP: 7/7 MP: 4/4
   460 | D:1      | Found a faded altar of an unknown god.
   651 | D:1      | Reached skill level 1 in Fighting
   662 | D:1      | Reached XP level 2. HP: 4/12 MP: 0/6
  2144 | D:1      | Found a faded altar of an unknown god.
  2998 | D:2      | Reached skill level 1 in Summonings
  2998 | D:2      | Reached XP level 3. HP: 9/15 MP: 1/7
  3299 | D:2      | Found Muixzuth's Antique Armour Emporium.
  3304 | D:2      | Found a hazy altar of Hepliaklqana.
  3322 | D:2      | Found Ziorajom's Antique Weapon Shoppe.
  3486 | D:2      | Found Jimese's Distillery.
  3644 | D:2      | Bought a potion of brilliance for 56 gold pieces
  3644 | D:2      | Bought a potion of degeneration for 14 gold pieces
  3815 | D:2      | Learned a level 3 spell: Vampiric Draining
  4283 | D:2      | Reached skill level 2 in Summonings
  4283 | D:2      | Reached XP level 4. HP: 17/19 MP: 6/9
  4566 | D:2      | Found Gottux's Jewellery Emporium.
  5970 | D:3      | Found a hide-covered altar of Uskayaw.
  6175 | D:3      | Noticed Natasha
  6201 | D:3      | Killed Natasha
  6202 | D:3      | Reached XP level 5. HP: 23/23 MP: 0/10
  6344 | D:3      | Found a shimmering blue altar of Sif Muna.
  6471 | D:3      | Found a blossoming altar of Fedhas.
  6513 | D:3      | Noticed Terence
  6520 | D:3      | Killed Terence
  6521 | D:3      | Reached skill level 3 in Summonings
  6641 | D:3      | Noticed Sigmund
  6717 | D:3      | Noticed Grinder
  6756 | D:3      | Noticed Natasha
  6762 | D:3      | Killed Natasha
  6780 | D:3      | Noticed Natasha
  6788 | D:3      | Killed Natasha
  7015 | D:3      | Found a radiant altar of Vehumet.
  7649 | D:4      | Noticed Dowan
  7653 | D:4      | Noticed Duvessa
  8025 | D:4      | HP: 1/23 [Dowan (3)]
  8042 | D:3      | Slain by Duvessa
  8043 | D:3      | Reached XP level 4. HP: -2/20 MP: 0/10
  8055 | D:3      | Killed Duvessa
  8056 | D:3      | Reached skill level 4 in Summonings
  8056 | D:3      | Reached XP level 5. HP: 24/24 MP: 6/11
  8225 | D:3      | Killed Dowan
  8226 | D:3      | Gained mutation: You are covered in thick fur. (AC +2)
                  | [Felid growth]
  8226 | D:3      | Reached XP level 6. HP: 28/28 MP: 5/12
  8847 | D:5      | Entered Level 5 of the Dungeon
  9009 | D:5      | Found a staircase to the Ecumenical Temple.
  9046 | Temple   | Entered the Ecumenical Temple
 10121 | D:5      | Reached skill level 5 in Summonings
 10121 | D:5      | Reached skill level 1 in Evocations
 10121 | D:5      | Reached XP level 7. HP: 31/31 MP: 13/14
 13671 | D:6      | Reached skill level 6 in Summonings
 14189 | D:6      | Reached XP level 8. HP: 34/36 MP: 16/16
 14252 | D:6      | Found a stormy altar of Qazlal.
 15212 | D:6      | Found a bloodstained altar of Trog.
 15297 | D:6      | Reached skill level 5 in Spellcasting
 15556 | D:6      | Reached skill level 5 in Fighting
 15556 | D:6      | Reached skill level 7 in Summonings
 16598 | D:6      | Learned a level 2 spell: Static Discharge
 17098 | D:6      | Reached skill level 1 in Air Magic
 17530 | D:7      | Reached skill level 1 in Conjurations
 17901 | D:7      | Noticed a cyclops
 17939 | D:7      | Found a basalt altar of Yredelemnul.
 18227 | D:7      | Reached XP level 9. HP: 35/40 MP: 18/18
 18360 | D:8      | Found a glowing silver altar of Zin.
 18394 | D:8      | Noticed Joseph
 18408 | D:8      | Found a flagged portal.
 18417 | Bailey   | Entered a bailey
 19042 | Bailey   | Reached skill level 8 in Summonings
 19181 | Bailey   | Noticed an orc knight
 19369 | Bailey   | Noticed an orc knight
 19370 | Bailey   | Noticed an orc knight
 19397 | Bailey   | Killed an orc knight
 19777 | Bailey   | Killed an orc knight
 19778 | Bailey   | Reached skill level 9 in Summonings
 20151 | Bailey   | Demolished by an orc knight
 20152 | Bailey   | Reached XP level 8. HP: -15/39 MP: 27/27
 20305 | Bailey   | Killed an orc knight
 20306 | Bailey   | Reached XP level 9. HP: 13/42 MP: 2/19
 20885 | D:8      | Shot with a sling bullet by Joseph

Illustrated notes

Levels and vault maps discovered:
D:1:      mainiacjoe_arrival_reflecting_pool, layout_loops_ring,
          chequers_ecumenical_altar_simple_redux
D:2:      layout_basic, serial_forest, infiniplex_forest_split,
          infiniplex_forest_clump_cross, infiniplex_forest_straight_3,
          infiniplex_forest_clump_cross, infiniplex_forest_lined_room_,
          infiniplex_forest_end_1, infiniplex_forest_end_3, serial_shops, shop,
          nicolae_shop_waterfront, nicolae_shop_crystal, shop, basic_altar,
          grunt_decor_mini_mirrors
D:3:      layout_basic, vehumet_altar_wand_db,
          mainiacjoe_overflow_surrounded_room, mainiacjoe_overflow_24_doors,
          mainiacjoe_overflow_small_starburst, uniq_terence, uniq_natasha,
          uniq_robin, uniq_grinder, uniq_sigmund
D:4:      layout_cave_pools, uniq_duvessa
D:5:      layout_loops_cross, minmay_temple_entry_grid
D:6:      layout_loops_ring, trog_antimagical, mainiacjoe_overflow_chevrons
D:7:      layout_gridville, mainiacjoe_overflow_alcove_4, general_overflow_altar
D:8:      layout_gridville, zin_academy, grunt_dithmenos_shadows,
          nicolae_ashenzari_panopticon, enter_bailey_2,
          kennysheep_generic_room_10, uniq_erica, uniq_joseph
Temple:   kb_temple_of_zot

Skill      XL: |  1  2  3  4  5  6  7  8  9 |
---------------+----------------------------+-----
Fighting       | 1 3 4 5 6 |  6.6
Summonings     | 1 2 4 3 5 6 7 9 |  9.3
Spellcasting   | 3 4 5 6 |  6.6
Evocations     | 1 2 3 |  3.0
Air Magic      | 1 3 |  3.0
Conjurations   | 3 2 |  3.0
Dodging        | |  2.6
Stealth        | |  2.6
Necromancy     | |  4.0

Action                   |  1- 3 |  4- 6 |  7- 9 || total
-------------------------+-------+-------+-------++-------
Melee: Unarmed           |     3 |   376 |   138 ||   517
       Bite              |       |    72 |    15 ||    87
 Cast: Pain              |    99 |    99 |   277 ||   475
       Vampiric Draining |       |    26 |    49 ||    75
       Static Discharge  |       |       |    15 ||    15
Evoke: Wand              |       |     4 |     1 ||     5
  Use: Scroll            |     2 |     6 |     3 ||    11
       Potion            |       |     1 |     3 ||     4
 Stab: Sleeping          |     1 |       |       ||     1
Armor: Skin              |     2 |     1 |    38 ||    41
Dodge: Dodged            |    26 |    42 |   288 ||   356

Table legend: (Time is in decaauts)
 A = Elapsed time spent in this place.
 B = Non-inter-level travel time spent in this place.
 C = Inter-level travel time spent in this place.
 D = Time resting spent in this place.
 E = Time spent auto-exploring this place.
 F = Levels seen in this place.
 G = Mean time per level.
                   A        B        C        D        E       F      G
               +--------+--------+--------+--------+--------+-----+--------+
         Total |  19588 |  19309 |    279 |  12378 |   3036 |  10 | 1958.8 |
       Dungeon |  17149 |  16877 |    272 |  10953 |   2763 |   8 | 2143.6 |
        Temple |    166 |    160 |      6 |     41 |     66 |   1 |  166.0 |
        Bailey |   2272 |   2272 |      0 |   1383 |    206 |   1 | 2272.0 |
               +--------+--------+--------+--------+--------+-----+--------+

Top non-repeatable levels by time:
     D:6: 3524 daAuts
     D:2: 3447 daAuts
     D:5: 3237 daAuts
     D:1: 2517 daAuts
  Bailey: 2272 daAuts
     D:4: 1817 daAuts
     D:3: 1448 daAuts
     D:7: 1053 daAuts
  Temple: 166 daAuts
     D:8: 103 daAuts
